 Dungeon Crawl Stone Soup version 0.21.0-25-ge575cb9 (webtiles) character file.

2782 troglodite the Shield-Bearer (level 10, 0/76 HPs)
             Began as a Formicid Fighter on Jan 24, 2018.
             Was an Initiate of Qazlal.
             Slain by a hog (5 damage)
             ... on level 7 of the Dungeon.
             The game lasted 00:25:00 (7463 turns).

troglodite the Shield-Bearer (Formicid Fighter)     Turns: 7463, Time: 00:25:00

Health: 0/76       AC: 13    Str: 22    XL:     10   Next: 1%
Magic:  14/14      EV: 11    Int:  8    God:    Qazlal [......]
Gold:   149        SH: 12    Dex: 12    Spells: 11/15 levels left

rFire    + . .     SeeInvis +   a - +1 quarterstaff
rCold    . . .     Gourm    .   c - +1 shield
rNeg     . . .     Faith    .   z - +2 ring mail {rF+}
rPois    .         Spirit   .   (helmet unavailable)
rElec    .         Reflect  .   n - +2 cloak "Koidghiti" {+Inv Slay+2}
rCorr    .         Harm     .   (no gloves)
MR       +....                  w - +1 pair of boots
Stlth    +++.......             (no amulet)
HPRegen  0.22/turn              l - ring of wizardry
MPRegen  0.14/turn              v - ring of stealth

@: no status effects
A: permanent stasis, dig shafts and tunnels, four strong arms, antennae 3
a: Dig, Shaft Self, Renounce Religion, Evoke Invisibility


You were on level 7 of the Dungeon.
You worshipped Qazlal.
Qazlal was noncommittal.
You were not hungry.

You visited 2 branches of the dungeon, and saw 8 of its levels.

You collected 339 gold pieces.
You spent 190 gold pieces at shops.

Inventory:

Hand Weapons
 a - a +1 quarterstaff (weapon)
 G - a +2 spear of chaos
 H - a +2 whip of electrocution
Armour
 c - a +1 shield (worn)
 n - the +2 cloak "Koidghiti" (worn) {+Inv Slay+2}
   (You bought it in a shop on level 7 of the Dungeon)

   It affects your accuracy and damage with ranged weapons and melee attacks
   (+2).
   It lets you turn invisible.
 w - a +1 pair of boots (worn)
 z - a +2 ring mail of fire resistance (worn)
Jewellery
 e - an uncursed ring of fire
 l - a ring of wizardry (left hand)
 v - a ring of stealth (right hand)
Wands
 D - a wand of iceblast (10)
 L - a wand of flame (19)
Scrolls
 g - a scroll of enchant weapon
 h - 3 scrolls of fear
 k - 2 scrolls of magic mapping
 o - 4 scrolls of amnesia
 p - 6 scrolls of teleportation
 q - 5 scrolls of remove curse
 t - a scroll of noise {unknown}
 B - 2 scrolls of random uselessness {unknown}
 C - 4 scrolls of fog {unknown}
 E - a scroll of immolation {unknown}
 J - a scroll of vulnerability {unknown}
 K - a scroll of identify
Potions
 b - a potion of agility
 d - a potion of might
 i - 2 potions of brilliance {unknown}
 j - 9 potions of curing
 m - 3 potions of flight
 r - a potion of berserk rage {unknown}
 s - 2 potions of haste {unknown}
 u - a potion of ambrosia {unknown}
 A - a potion of heal wounds {unknown}
 F - a potion of lignification {unknown}
Books
 x - a book of Callings

   Spells                             Type                      Level
   a - Summon Small Mammal            Summoning                    1
   b - Call Imp                       Summoning                    2
   c - Call Canine Familiar           Summoning                    3
   d - Summon Guardian Golem          Hexes/Summoning              3
   e - Summon Lightning Spire         Summoning/Air                4
   f - Summon Ice Beast               Ice/Summoning                4
 y - a book of Conjurations

   Spells                             Type                      Level
   a - Magic Dart                     Conjuration                  1
   b - Searing Ray                    Conjuration                  2
   c - Dazzling Spray                 Conjuration/Hexes            3
   d - Fulminant Prism                Conjuration/Hexes            4
   e - Force Lance                    Conjuration/Translocation    4
   f - Iskenderun's Mystic Blast      Conjuration                  4
Comestibles
 f - 18 rations


   Skills:
 * Level 5.9 Fighting
 + Level 6.1 Staves
 * Level 5.8 Armour
 * Level 3.3 Dodging
 * Level 5.0 Stealth
 - Level 6.7 Shields
 * Level 3.3 Spellcasting
 * Level 1.3 Conjurations
 * Level 3.9 Hexes
 * Level 3.3 Summonings


You had 11 spell levels left.
You knew the following spells:

 Your Spells              Type           Power        Failure   Level  Hunger
a - Summon Guardian Gole  Hex/Summ       #.......     21%         3    ####...
b - Magic Dart            Conj           #...         17%         1    ##.....


Dungeon Overview and Level Annotations

Branches:
Dungeon (7/15)             Temple (1/1) D:7

Altars:
Ashenzari
Cheibriados
Dithmenos
Fedhas
Hepliaklqana
Kikubaaqudgha
Makhleb
Nemelex Xobeh
Okawaru
Qazlal
Ru
Sif Muna
Trog
Uskayaw
Vehumet
Wu Jian
Xom
Yredelemnul
Zin
The Shining One

Shops:
D:7 [


Innate Abilities, Weirdness & Mutations

You cannot be hasted, slowed, berserked, paralysed or teleported.
You can dig through walls and to a lower floor.
Your four strong arms can wield two-handed weapons with a shield.
You have a pair of large antennae on your head. (SInv)


Message History

* * * LOW HITPOINT WARNING * * *
The hog barely misses you.
There is an open door here.
As you open the door, it creaks loudly! The hog closely misses you.
All of the chunks of flesh in your inventory have rotted away.
The hog closely misses you.
You open the large door. You block the hog's attack.
There is a large open door here.
The hog bites you!
* * * LOW HITPOINT WARNING * * *
There is a large open door, spattered with blood here.
You barely miss the hog. The hog bites you but does no damage.
You hit the hog.
The hog is lightly wounded.
You block the hog's attack.
You hit the hog.
The hog is moderately wounded.
The hog bites you.
You die...

# ####### ##
#..#?%########## .#
#..#.%#........#
.#..#..'..#........# ..#
#..#.)#........# #.#
#..#†h#........# #.#
#####'#....hh..# #.##
#...'####h### #.(#.#
##.#.####@### ##.#.#
#..........#
##.#.####..........#
.#.#...............#
.....####.._.......#
##......#..........#
.#...#........[....#
....>#..#...#.##'###
...#.#..#.#.#.##.#######


You could see 3 hogs.

Vanquished Creatures
  The ghost of tidbits the Firebug, a novice GnFE of Cheibriados (D:6)
  Grinder (D:5)
  A human (D:7)
  A hog (D:7)
  Duvessa (D:4)
  2 ice beasts (D:5)
  A sky beast (D:5)
  A phantom (D:4)
  2 ogres
  3 centaurs
  A crocodile (D:7)
  2 bullfrogs (D:6)
  Dowan (D:4)
  A howler monkey (D:4)
  5 lava snakes (D:7)
  An orc priest (D:4)
  2 hounds
  4 orc wizards
  An iguana (D:5)
  Natasha (twice) (D:2)
  5 worker ants
  A hound zombie (D:5)
  2 hound skeletons (D:4)
  Robin (D:2)
  A howler monkey zombie (D:5)
  10 adders
  3 oozes
  6 worms
  3 dart slugs
  9 leopard geckos
  19 orcs
  A ball python (D:3)
  6 giant cockroaches
  17 goblins
  7 hobgoblins
  10 jackals
  4 quokkas
  4 bats
  6 frilled lizards
  2 jackal skeletons (D:4)
  11 kobolds
  10 rats
  3 bushes
175 creatures vanquished.

Notes
Turn   | Place    | Note
-------+----------+-------------------------------------------
     0 | D:1      | troglodite the Formicid Fighter began the quest for the Orb.
     0 | D:1      | Reached XP level 1. HP: 18/18 MP: 1/1
    46 | D:1      | Reached XP level 2. HP: 24/24 MP: 2/2
   132 | D:1      | Reached XP level 3. HP: 30/30 MP: 3/3
   820 | D:2      | Found a sacrificial altar of Ru.
   901 | D:2      | Noticed Natasha
   915 | D:2      | Killed Natasha
   915 | D:2      | Reached XP level 4. HP: 17/37 MP: 4/4
  1291 | D:2      | Noticed Robin
  1330 | D:2      | Reached XP level 5. HP: 28/42 MP: 5/5
  1337 | D:2      | Killed Robin
  1691 | D:2      | Noticed Natasha
  1699 | D:2      | Killed Natasha
  1894 | D:2      | Reached skill level 1 in Dodging
  1894 | D:2      | Reached skill level 1 in Stealth
  1894 | D:2      | Reached XP level 6. HP: 9/48 MP: 6/6
  2811 | D:3      | Learned a level 3 spell: Summon Guardian Golem
  3453 | D:4      | Noticed an ogre
  3466 | D:4      | Killed an ogre
  3466 | D:4      | Reached XP level 7. HP: 55/55 MP: 7/7
  3511 | D:4      | Found a bloodstained altar of Trog.
  3633 | D:4      | Reached skill level 5 in Shields
  3832 | D:4      | Reached skill level 1 in Hexes
  3832 | D:4      | Reached skill level 1 in Summonings
  3866 | D:4      | Reached skill level 1 in Spellcasting
  3879 | D:4      | Noticed Duvessa
  3882 | D:4      | Noticed Dowan
  3894 | D:4      | Killed Duvessa
  3901 | D:4      | Killed Dowan
  3901 | D:4      | Reached XP level 8. HP: 37/61 MP: 9/9
  4494 | D:5      | Entered Level 5 of the Dungeon
  4598 | D:5      | Found a hide-covered altar of Uskayaw.
  4797 | D:5      | Reached skill level 5 in Fighting
  4823 | D:5      | Reached skill level 5 in Staves
  4854 | D:5      | Reached skill level 5 in Armour
  5380 | D:5      | Reached XP level 9. HP: 56/68 MP: 12/12
  5460 | D:5      | Noticed Grinder
  5470 | D:5      | Killed Grinder
  5735 | D:5      | Found a shimmering altar of Xom.
  6091 | D:6      | Learned a level 1 spell: Magic Dart
  6261 | D:6      | Noticed tidbits's ghost (novice GnFE)
  6284 | D:6      | Killed tidbits's ghost
  6748 | D:7      | Reached skill level 1 in Conjurations
  6817 | D:7      | Found a staircase to the Ecumenical Temple.
  6845 | Temple   | Entered the Ecumenical Temple
  7058 | Temple   | Became a worshipper of Qazlal Stormbringer
  7143 | D:7      | Found Aginij's Antique Armour Shoppe.
  7151 | D:7      | Bought a warped cloak for 190 gold pieces
  7156 | D:7      | Identified the +2 cloak "Koidghiti" {+Inv Slay+2} (You bought it in a shop on level 7 of the Dungeon)
  7386 | D:7      | Found an iron altar of Okawaru.
  7449 | D:7      | Reached skill level 5 in Stealth
  7449 | D:7      | Reached XP level 10. HP: 14/76 MP: 14/14
  7463 | D:7      | Slain by a hog

Skill      XL: |  1  2  3  4  5  6  7  8  9 |
---------------+----------------------------+-----
Shields        | 4 5 6 |  6.7
Staves         | 3 4 5 6 |  6.1
Fighting       | 4 5 |  5.9
Armour         | 4 5 |  5.8
Dodging        | 1 2 3 |  3.3
Stealth        | 1 2 3 5 |  5.0
Hexes          | 1 2 3 |  3.9
Summonings     | 1 2 3 |  3.3
Spellcasting   | 1 2 3 |  3.3
Conjurations   | 1 |  1.3

Action                   |  1- 3 |  4- 6 |  7- 9 | 10-12 || total
-------------------------+-------+-------+-------+-------++-------
Melee: Quarterstaff      |    77 |   389 |   377 |     3 ||   846
 Abil: Dig               |     2 |     1 |     1 |       ||     4
  Use: Scroll            |       |     7 |     6 |       ||    13
 Stab: Sleeping          |       |     1 |    13 |       ||    14
       Distracted        |       |       |     1 |       ||     1
  Eat: Chunk             |       |     9 |     8 |       ||    17
       Ration            |       |       |     2 |       ||     2
Armor: Scale mail        |    42 |    44 |       |       ||    86
       Chain mail        |       |    36 |       |       ||    36
       Ring mail         |       |     3 |   117 |     1 ||   121
Dodge: Dodged            |    25 |    64 |   124 |     4 ||   217
Block: Shield            |    33 |   110 |   187 |     3 ||   333
